AoeStats
← karim.amer

African Clearing

503888654Analyzed
2v2 RM · 1mo ago on Sep 2, 2026· 73m 1s· 4 players
Game mode
Random Map
Map size
Medium (4 player)
Population
200
Speed
Normal
Resources
Standard
Victory
Conquest
Starting age
Dark Age
Ending age
Imperial Age
RankedLock teamsTeams togetherTeam positionsShared explorationLock speedFull tech treeHidden civsTurbo modeCheats
Victory
Defeat
🇬🇧 Persians · United Kingdom
1005
+14
🇧🇪 Malians · Belgium
1001
+14
🇩🇪 Mongols · Germany
973
-15
🇩🇪 Koreans · Germany
944
-13
karim.amer
6:31 Loom
16:42 Feudal Age
23:39 Castle Age
21:32 Double-Bit Axe
21:28 Horse Collar
22:26 Gold Mining
25:56 Fletching
27:16 Wheelbarrow
26:27 Town Watch
28:06 Town Watch
28:35 Bow Saw
28:26 Heavy Plow
30:24 Ballistics
30:00 Bodkin Arrow
30:17 Padded Archer Armor
32:08 Bloodlines
31:58 Husbandry
33:56 Leather Archer Armor
35:56 Town Patrol
36:18 Hand Cart
40:25 Imperial Age
38:50 Stone Mining
39:48 Thumb Ring
40:29 Heavy Plow
41:14 Bracer
42:18 Chemistry
41:39 Conscription
43:53 Elite Mangudai
44:59 Nomads
45:31 Scale Barding Armor
44:48 Light Cavalry
46:11 Hoardings
52:48 Chain Barding Armor
53:19 Murder Holes
55:09 Hussar
56:02 Forging
59:36 Iron Casting
64:18 Town Patrol
65:01 Gold Shaft Mining
65:02 Stone Shaft Mining
69:31 Blast Furnace
Johnny_von_Cash
7:16 Loom
17:27 Feudal Age
18:33 Double-Bit Axe
18:40 Horse Collar
18:57 Gold Mining
21:36 Castle Age
19:34 Stone Mining
20:01 Fletching
22:05 Wheelbarrow
21:16 Town Watch
22:38 Bow Saw
22:37 Heavy Plow
24:05 Stone Shaft Mining
24:29 Gold Shaft Mining
25:19 Bodkin Arrow
34:42 Hand Cart
41:34 Town Patrol
43:44 Ballistics
43:35 Fortified Wall
43:06 Treadmill Crane
43:22 Murder Holes
45:11 Scale Mail Armor
45:22 Forging
45:28 Pikeman
46:08 Squires
46:22 Arson
46:56 Chain Mail Armor
47:07 Masonry
56:47 Imperial Age
53:53 Man-at-Arms
54:49 Gambesons
54:43 Long Swordsman
56:51 Capped Ram
57:02 Two-Handed Swordsman
57:05 Halberdier
58:58 Champion
62:14 Iron Casting
61:57 Bracer
65:59 Scale Barding Armor
66:25 Plate Mail Armor
67:09 Husbandry
68:23 Cavalier
Zarathustra
3:36 Loom
13:30 Feudal Age
14:59 Wheelbarrow
15:20 Double-Bit Axe
20:54 Castle Age
21:16 Gold Mining
21:08 Horse Collar
21:59 Squires
21:44 Arson
22:17 Forging
24:33 Scale Mail Armor
26:13 Fletching
31:26 Chain Mail Armor
31:07 Town Watch
32:12 Iron Casting
32:04 Bodkin Arrow
32:11 Stone Mining
37:40 Padded Archer Armor
37:41 Elite Skirmisher
40:17 Leather Archer Armor
43:28 Ballistics
43:34 Heavy Plow
43:49 Bow Saw
44:49 Hand Cart
48:52 Scale Barding Armor
50:47 Town Patrol
56:55 Imperial Age
54:05 Man-at-Arms
57:28 Gold Shaft Mining
56:37 Long Swordsman
57:53 Chain Barding Armor
56:57 Light Cavalry
57:59 Conscription
58:12 Plate Mail Armor
58:30 Hoardings
57:20 Heavy Camel Rider
58:11 Bloodlines
58:01 Husbandry
59:07 Farimba
59:03 Treadmill Crane
58:52 Two-Handed Swordsman
61:42 Crop Rotation
61:20 Elite Gbeto
62:06 Champion
64:11 Plate Barding Armor
64:55 Chemistry
67:32 Stone Shaft Mining
68:31 Thumb Ring
71:47 Ring Archer Armor
MXFXAlpha
7:41 Loom
14:01 Feudal Age
14:35 Double-Bit Axe
14:36 Horse Collar
21:04 Castle Age
20:17 Scale Barding Armor
20:24 Gold Mining
21:32 Forging
21:45 Bow Saw
21:45 Town Watch
23:48 Wheelbarrow
24:39 Bloodlines
25:02 Bow Saw
25:18 Heavy Plow
27:16 Hand Cart
28:00 Hand Cart
30:46 Stone Mining
35:17 Imperial Age
33:41 Chain Barding Armor
33:57 Iron Casting
33:34 Town Patrol
34:01 Husbandry
34:49 Iron Casting
34:50 Elite Skirmisher
35:36 Thumb Ring
35:28 Cavalier
36:24 Fletching
36:34 Padded Archer Armor
37:52 Two-Man Saw
38:18 Crop Rotation
38:27 Conscription
38:53 Bodkin Arrow
39:15 Leather Archer Armor
39:36 Plate Barding Armor
41:14 Blast Furnace
42:35 Ballistics
43:16 Chemistry
42:27 Masonry
42:23 Savar
43:22 Squires
44:21 Citadels
44:47 Hoardings
58:10 Murder Holes
58:46 Architecture
58:48 Ring Archer Armor
58:19 Scale Mail Armor
58:02 Elite War Elephant
60:58 Chain Mail Armor
67:42 Light Cavalry
69:52 Parthian Tactics
69:32 Kamandaran
69:46 Hussar
72:41 Crossbowman
Connection lost

Rejoining the realm…

Still unreachable

The connection could not be restored.

Session expired

The server has moved on; the page needs a fresh start.